 Dungeon Crawl Stone Soup version 0.31.0-11-ge490571c62 (webtiles) character file.

Game seed: 10838489600823292981

119135 SnakkuSnakku7 the Spry (level 16, -1/136 HPs)
             Began as a Merfolk Conjurer on Feb 1, 2024.
             Was a High Priest of Okawaru.
             Shot with an arrow by a satyr (35 damage)
             ... on level 2 of the Shoals.
             The game lasted 00:48:43 (33204 turns).

SnakkuSnakku7 the Spry (Merfolk Conjurer)          Turns: 33204, Time: 00:48:43

Health: -1/136     AC: 23    Str: 16    XL:     16   Next: 78%
Magic:  0/34       EV:  1    Int: 15    God:    Okawaru [*****.]
Gold:   1427       SH: 15    Dex: 15    Spells: 19/19 levels left

rFire   + . .        a - +11 Singing Sword {sonic wave}
rCold   + + .        E - +0 tower shield
rNeg    . . .        u - +7 gold dragon scales
rPois   +            (no helmet)
rElec   .            h - +2 cloak
rCorr   .            (no gloves)
SInv    .            L - +0 pair of boots "Zuagecap" {rC++ Str+8 Int-4 Dex-3}
Will    +....        m - amulet of guardian spirit Stlth
                     d - ring of protection from fire
HPRegen 0.42/turn    c - ring of magical power
MPRegen 0.24/turn

%: inaccuracy (-5), guardian spirit
@: afraid, spiked, extremely horrified, mesmerised
A: cowardly, inability to train armour, no fire magic, no alchemy magic, no
translocations magic, missing an eye, temperature sensitive, (nimble swimmer 2),
mertail, no forms, sense surroundings 1, inability to drink after injury 1
a: Renounce Religion, Heroism, Finesse, Duel


You were on level 2 of the Shoals.
You worshipped Okawaru.
Okawaru was extremely pleased with you.
You visited 5 branches of the dungeon, and saw 25 of its levels.
You also visited: Sewer and Ossuary.

You collected 2723 gold pieces.
You spent 1296 gold pieces at shops.

Inventory:

Hand Weapons
 a - the +11 Singing Sword (weapon) {sonic wave}
   (You found it on level 10 of the Dungeon)
 b - a +2 scimitar of flaming
Missiles
 w - 2 curare-tipped darts (quivered)
Armour
 h - a +2 cloak (worn)
 j - a +0 helmet
 r - a +2 robe of willpower
 u - +7 gold dragon scales (worn)
 C - the +2 ring mail of Fin Deup {Rampage rF++ rC- rCorr}
   (You found it on level 10 of the Dungeon)

   rF++:      It greatly protects you from fire.
   rC-:       It makes you vulnerable to cold.
   rCorr:     It protects you from acid and corrosion.
   Rampage:   It bestows one free step when moving towards enemies.
 E - a +0 tower shield (worn)
 L - the +0 pair of boots "Zuagecap" (worn) {rC++ Str+8 Int-4 Dex-3}
   (You found it on level 5 of the Lair of Beasts)

   Str+8:     It affects your strength (+8).
   Int-4:     It affects your intelligence (-4).
   Dex-3:     It affects your dexterity (-3).
   rC++:      It greatly protects you from cold.
Jewellery
 c - a ring of magical power (right hand)
 d - a ring of protection from fire (left hand)
 m - an amulet of guardian spirit (around neck)
 y - a ring of willpower
 M - a ring of resist corrosion
 Q - a ring of poison resistance
Wands
 A - a wand of mindburst (10)
 K - a wand of polymorph (6)
 N - a wand of flame (7)
Scrolls
 e - a scroll of identify
 g - 4 scrolls of immolation
 i - a scroll of silence
 n - 7 scrolls of teleportation
 o - 3 scrolls of blinking
 s - 4 scrolls of enchant weapon
 x - 5 scrolls of fog
 D - 2 scrolls of poison
 F - 2 scrolls of fear
 G - a scroll of brand weapon
 J - 3 scrolls of revelation
Potions
 k - a potion of heal wounds
 l - 4 potions of invisibility
 p - 4 potions of haste
 q - 4 potions of resistance
 t - 3 potions of might
 v - 11 potions of enlightenment
 B - 3 potions of attraction
 I - 3 potions of magic
Miscellaneous
 f - a lightning rod (4/4)
 H - a tin of tremorstones (2/2)


   Skills:
 - Level 15.5 Fighting
 - Level 16.0 Long Blades
 - Level 20.0 Dodging
 - Level 2.1 Stealth
 + Level 7.7 Shields
 - Level 1.6 Unarmed Combat
 - Level 2.0 Spellcasting
 - Level 3.2 Conjurations
 - Level 12.0 Invocations
 - Level 10.0 Evocations


You had 19 spell levels left.
You didn't know any spells.
Your spell library contained the following spells:

 Spells                   Type           Power      Damage    Failure   Level
 Magic Dart               Conj           32%        1d4       100%        1
 Slow                     Hex            4%         N/A       100%        1
 Jinxbite                 Hex            2%         N/A       100%        2
 Searing Ray              Conj           16%        2d5       100%        2
 Sublimation of Blood     Necr           1%         N/A       100%        2
 Confusing Touch          Hex            1%         N/A       100%        3
 Dazzling Flash           Conj/Hex       8%         N/A       100%        3
 Hailstorm                Conj/Ice       4%         3d5       100%        3
 Ozocubu's Armour         Ice            1%         N/A       100%        3
 Sigil of Binding         Hex            1%         N/A       100%        3
 Stone Arrow              Conj/Erth      8%         3d7       100%        3
 Vampiric Draining        Necr           1%         2d6       100%        3
 Curse of Agony           Necr           1%         N/A       100%        5
 Metabolic Englaciation   Hex/Ice        0%         N/A       100%        5
 Silence                  Hex/Air        0%         N/A       100%        5
 Borgnjor's Revivificati  Necr           0%         N/A       100%        8
 Lehudib's Crystal Spear  Conj/Erth      2%         10d2      100%        8
 Death's Door             Necr           0%         N/A       100%        9
 Apportation              Tloc           Unusable   N/A       N/A         1
 Foxfire                  Conj/Fire      Unusable   2x1d4     N/A         1
 Call Imp                 Summ           Unusable   N/A       N/A         2
 Mephitic Cloud           Conj/Alch/Air  Unusable   N/A       N/A         3
 Summon Ice Beast         Ice/Summ       Unusable   N/A       N/A         3
 Volatile Blastmotes      Fire/Tloc      Unusable   2d10      N/A         3
 Animate Armour           Summ/Erth      Unusable   N/A       N/A         4
 Fulminant Prism          Conj/Alch      Unusable   3d5       N/A         4
 Iskenderun's Mystic Bla  Conj/Tloc      Unusable   2d3       N/A         4
 Alistair's Intoxication  Alch           Unusable   N/A       N/A         5
 Summon Forest            Summ/Tloc      Unusable   N/A       N/A         5
 Summon Mana Viper        Hex/Summ       Unusable   N/A       N/A         5
 Plasma Beam              Fire/Air       Unusable   2x1d10    N/A         6
 Sculpt Simulacrum        Ice/Alch       Unusable   N/A       N/A         6
 Starburst                Conj/Fire      Unusable   6d3       N/A         6
 Summon Cactus Giant      Summ           Unusable   N/A       N/A         6
 Haunt                    Necr/Summ      Unusable   N/A       N/A         7
 Summon Hydra             Summ           Unusable   N/A       N/A         7

Dungeon Overview and Level Annotations

Branches:
Dungeon (15/15)            Temple (1/1) D:6            Lair (5/5) D:10
 Shoals (2/4) Lair:3       Spider (0/4) Lair:2        Slime (0/5) Lair:4
    Orc (2/2) D:10            Elf (0/3) Orc:2        Vaults (0/5) D:14
 Depths (0/4) D:15          Sewer (visited)         Ossuary (visited)

Altars:
Ashenzari
Cheibriados
Dithmenos
Elyvilon
Fedhas
Gozag
Hepliaklqana
Kikubaaqudgha
Makhleb
Nemelex Xobeh
Okawaru
Qazlal
Ru
Sif Muna
Trog
Uskayaw
Vehumet
Wu Jian
Xom
Yredelemnul
Zin
The Shining One
Jiyva

Shops:
D:6 ?   D:10 *=   D:15 (   Orc:2 ?[?   Shoals:1 *

Portals:
Hell: Lair:5
Trove: D:11 (give +5 ice dragon scales)

Annotations:
D:8 2 transporters, exclusion: ice statue, Rassilon's ghost, novice GrFi
D:15 1 runed translucent door
Orc:1 3 runed translucent doors, Byedia's ghost, journeyman DECj


Innate Abilities, Weirdness & Mutations

Your cowardice makes you less effective in combat with threatening foes.
You cannot train Armour skill.
You cannot study or cast Fire magic.
You cannot study or cast Alchemy magic.
You cannot study or cast Translocations magic.
You are missing an eye, making it more difficult to aim.
You are sensitive to extremes of temperature. (rF-, rC-)
((You are very nimble when in or above water. (Stealth+, EV+, Speed+++)))
Your lower body shifts to a powerful aquatic tail in water.
You cannot voluntarily change form.
You passively map a small area around you.
You occasionally lose the ability to drink potions when taking damage.


Message History

You reel with horror at the sight of these foes!
The merfolk siren chants a haunting song.
You are mesmerised by the merfolk siren!
The satyr shoots an arrow.
The arrow hits you!
* * * LOW HITPOINT WARNING * * *
The merfolk attacks as it pursues you!
The merfolk hits you from afar with a +0 glaive!!
* * * LOW HITPOINT WARNING * * *
You cannot move away from the merfolk siren!
You slice the sea snake!!
You kill the sea snake!
Okawaru accepts your kill.
The merfolk hits you from afar with a +0 trident.
* * * LOW HITPOINT WARNING * * *
You block the merfolk's attack.
The manticore flicks its tail.
The volley of spikes skewers you!
The barbed spikes become lodged in your body.
* * * LOW HITPOINT WARNING * * *
You feel much better.
The merfolk hits you from afar with a +0 trident.
* * * LOW HITPOINT WARNING * * *
The merfolk siren chants its luring song.
The merfolk hits you from afar with a +0 glaive!
* * * LOW HITPOINT WARNING * * *
The satyr shoots an arrow.
You block the arrow.
You feel much better. You block the merfolk's attack. x2
The satyr shoots an arrow.
You block the arrow.
A sea snake comes into view.
The merfolk siren hits you from afar with a +0 trident!
* * * LOW HITPOINT WARNING * * *
You reel with horror at the sight of these foes!
Unknown command.
You feel much better.
The sea snake hisses angrily.
The merfolk hits you but does no damage.
The merfolk hits you from afar with a +0 glaive.
* * * LOW HITPOINT WARNING * * *
The satyr shoots an arrow.
The arrow hits you!!!
You die...

~~ .......... .....
~ ..$.....(###...#
, ......##).)...# ,
,.........)....## ,
##.~~≈≈~<..~~.#
#.≈≈≈≈≈c...~...,
#Hm~mm.........
.###=~.)†....~~...
.......@##.~.~~~..*
........#..~~...~.
, ~
....$.).........~~
*...~........~..~~.
*#..~~~......~~~~.
* ##.....###.~~~~~
#....# ...< #....*
... , , * * ~


You could see a satyr (scary), 2 merfolk, a manticore and a merfolk siren
(mesmerising).

Vanquished Creatures
  Jorgrun (D:14)
  Rupert (D:13)
  Frances (D:12)
  Gastronok (D:9)
  Kirke (D:15)
  A fire giant (D:10)
  Louise (D:15)
  A very ugly thing (D:12)
  A dire elephant (Lair:5)
  The ghost of Jingleheimer the Mimic, a journeyman OpGl of Gozag (Lair:5)
  Snorg (D:13)
  A fire dragon (D:10)
  Josephine (D:13)
  A yaktaur captain (D:10)
  3 merfolk impalers
  12 hydras
  A rakshasa (D:15)
  5 ogre magi
  2 catoblepae
  6 centaur warriors
  3 boulder beetles
  12 two-headed ogres
  2 occultists
  An orc high priest (Orc:2)
  A sun demon (Lair:5)
  3 skysharks
  A skeletal warrior (D:14)
  A deep elf archer (D:14)
  2 sea snakes
  An arcanist (D:12)
  A phantasmal warrior (D:12)
  11 harpies
  A necromancer (D:15)
  A glowing shapeshifter (D:12)
  2 deep elf zephyrmancers (D:15)
  4 orc knights
  3 deep elf pyromancers
  A wolf spider (D:12)
  6 ugly things
  4 fauns (Shoals:1)
  6 cyclopes
  2 orc sorcerers
  3 manticores
  3 merfolk sirens
  21 elephants
  3 meliai (D:15)
  A gargoyle (D:11)
  2 kobold blastminers (Orc:2)
  5 black mambas
  9 cane toads
  2 water nymphs (Shoals:1)
  3 orange demons (Lair:5)
  2 unseen horrors
  Maggie (D:7)
  2 kobold demonologists (D:14)
  5 centaur skeletons
  An ice devil (Lair:5)
  An efreet (D:15)
  7 rime drakes (Lair:5)
  6 komodo dragons
  2 red devils (Lair:5)
  A tengu conjurer (D:14)
  5 trolls
  A polar bear (Lair:5)
  8 merfolk
  A hornet (D:10)
  A queen bee (shapeshifter) (D:12)
  A hellwing (Lair:5)
  29 blink frogs
  A wind drake (Shoals:1)
  A meliai zombie (D:15)
  3 snapping turtles (Shoals:1)
  2 dream sheep (Lair:5)
  10 slime creatures
  3 shadows
  Sigmund (D:4)
  A centaur simulacrum (D:10)
  6 wyverns
  3 humans (D:15)
  32 yaks
  4 fire elementals
  3 wraiths (D:13)
  6 basilisks
  2 death yak simulacra (Lair:5)
  10 wargs
  3 steam dragons
  Menkaure (D:7)
  3 acid dragons
  4 hell hounds (Lair:5)
  14 water moccasins
  18 orc warriors
  An ice beast (D:7)
  A hornet zombie (D:15)
  2 laughing skulls (D:14)
  12 ogres
  A boggart (D:14)
  10 centaurs
  A wolf (Lair:5)
  A phantom (D:6)
  Blork the orc (D:5)
  8 kobold brigands
  2 brain worms (Sewer)
  5 elf zombies (Ossuary)
  11 bullfrogs
  3 scorpions
  A cane toad simulacrum (Lair:5)
  A gnoll sergeant (D:12)
  11 wights
  A dream sheep simulacrum (Lair:5)
  13 killer bees
  2 howler monkeys
  3 electric eels
  5 lava snakes (D:14)
  2 centaur zombies
  4 human zombies (Ossuary)
  A komodo dragon simulacrum (Lair:5)
  2 bombardier beetles (D:4)
  2 gnoll boudas
  11 orc priests
  4 sleepcaps
  Jessica (D:2)
  5 iguanas
  11 orc wizards
  A boggart skeleton (D:14)
  8 hound zombies
  A hound skeleton (D:4)
  2 mummies (Ossuary)
  10 gnolls
  13 adders
  A river rat (Sewer)
  3 white imps
  5 adder zombies
  An adder skeleton (D:4)
  2 ribbon worms
  A dart slug (D:1)
  57 orcs
  3 bats
  7 endoplasms
  5 giant cockroaches
  3 gnoll zombies (Ossuary)
  6 goblins
  11 hobgoblins
  10 jackals
  2 quokkas
  5 ball pythons
  14 frilled lizards
  6 jackal zombies (Ossuary)
  25 kobolds
  7 kobold zombies (Ossuary)
  3 orc zombies (Ossuary)
  11 rats
731 creatures vanquished.

Vanquished Creatures (others)
  A stone giant (D:12)
  An orc wizard (D:11)
2 creatures vanquished.

Grand Total: 733 creatures vanquished

Notes
Turn   | Place    | Note
-------+----------+-------------------------------------------
     0 | D:1      | SnakkuSnakku7 the Merfolk Conjurer began the quest for the
                  | Orb.
     0 | D:1      | Reached XP level 1. HP: 13/13 MP: 3/3
   155 | D:1      | Reached skill level 1 in Fighting
   155 | D:1      | Reached skill level 1 in Unarmed Combat
   198 | D:1      | Reached XP level 2. HP: 21/21 MP: 1/5
   554 | D:1      | Reached skill level 1 in Long Blades
   816 | D:1      | Reached XP level 3. HP: 25/26 MP: 6/6
  1482 | D:2      | Reached XP level 4. HP: 28/32 MP: 7/7
  1930 | D:2      | Noticed Jessica
  1950 | D:2      | Killed Jessica
  2119 | D:2      | Reached XP level 5. HP: 30/37 MP: 8/8
  2184 | D:2      | Reached skill level 5 in Long Blades
  3215 | D:4      | Noticed Sigmund
  3263 | D:4      | Reached XP level 6. HP: 32/43 MP: 7/9
  3520 | D:4      | Identified the +6 mace of a treasure trove {freeze, rF+
                  | Dex+2 SInv}
  3754 | D:4      | Found a sand-covered staircase.
  3776 | Ossuary  | Entered an ossuary
  3808 | Ossuary  | Reached XP level 7. HP: 47/48 MP: 10/10
  4609 | Ossuary  | Reached skill level 10 in Long Blades
  4609 | Ossuary  | Reached XP level 8. HP: 48/54 MP: 11/11
  4852 | D:4      | Killed Sigmund
  5009 | D:4      | Found an opulent altar of Gozag.
  5152 | D:5      | Entered Level 5 of the Dungeon
  5235 | D:5      | Noticed Blork the orc
  5251 | D:5      | Killed Blork the orc
  5264 | D:5      | HP: 2/54 [sleepcap (16)]
  5413 | D:5      | Found a glowing drain.
  5437 | Sewer    | Entered a sewer
  5840 | D:5      | Reached XP level 9. HP: 45/59 MP: 12/12
  7281 | D:6      | Found Zezxarilo's Magic Scroll Emporium.
  7288 | D:6      | Identified the serpent talisman "Carilag" {Will++ rCorr
                  | Str-4 Dex+3}
  7297 | D:6      | Bought a scroll of teleportation for 39 gold pieces
  7297 | D:6      | Bought a scroll of fear for 52 gold pieces
  7297 | D:6      | Bought a scroll of fear for 52 gold pieces
  7297 | D:6      | Bought a scroll of teleportation for 39 gold pieces
  7321 | D:6      | Found a staircase to the Ecumenical Temple.
  7464 | Temple   | Entered the Ecumenical Temple
  7471 | Temple   | Became a worshipper of Ru the Awakened
  7606 | D:7      | Noticed Menkaure
  7732 | D:7      | Killed Menkaure
  7733 | D:7      | Reached skill level 3 in Dodging
  7892 | D:7      | Reached skill level 4 in Dodging
  7931 | D:7      | Noticed Maggie
  8376 | D:7      | Reached skill level 5 in Dodging
  9392 | D:7      | Killed Maggie
  9393 | D:7      | Reached XP level 10. HP: 54/67 MP: 13/13
  9466 | D:8      | Reached skill level 15 in Long Blades
  9491 | D:8      | Gained mutation: You cannot train Armour skill. [Ru
                  | sacrifice]
  9491 | D:8      | Reached * piety under Ru
  9705 | D:8      | Noticed Rassilon's ghost (novice GrFi)
  9992 | D:8      | Found a transporter.
  9995 | D:8      | Found a transporter.
 10006 | D:8      | Noticed an ice statue
 10120 | D:9      | Noticed Gastronok
 10819 | D:9      | Reached skill level 5 in Fighting
 11237 | D:9      | Killed Gastronok
 11664 | D:10     | Entered Level 10 of the Dungeon
 11720 | D:10     | Found Kikics's Jewellery Emporium.
 11855 | D:10     | Reached XP level 11. HP: 70/87 MP: 14/14
 12031 | D:10     | Found a staircase to the Lair.
 12080 | D:10     | Noticed a two-headed ogre
 12085 | D:10     | Killed a two-headed ogre
 12247 | D:10     | Gained mutation: You cannot voluntarily change form. [Ru
                  | sacrifice]
 12300 | D:10     | Found a staircase to the Orcish Mines.
 12385 | D:10     | Reached skill level 10 in Fighting
 12388 | D:10     | Reached skill level 6 in Dodging
 12563 | D:10     | Reached skill level 7 in Dodging
 12604 | D:10     | Found a runed translucent door.
 12604 | D:10     | Noticed a seven-headed hydra
 12604 | D:10     | Noticed an orc knight
 12604 | D:10     | Noticed a seven-headed hydra
 12606 | D:10     | Noticed a fire dragon
 12606 | D:10     | Noticed a fire giant
 12606 | D:10     | Noticed a yaktaur captain
 12606 | D:10     | Found the +11 Singing Sword {sonic wave}
 12655 | D:10     | Reached skill level 8 in Dodging
 12714 | D:10     | Found a basalt altar of Yredelemnul.
 12717 | D:10     | Found a glowing silver altar of Zin.
 12722 | D:10     | Found a burning altar of Makhleb.
 12774 | D:10     | Found Huagyt's Serpentskin Sales.
 12963 | Lair:1   | Entered Level 1 of the Lair of Beasts
 12986 | Lair:1   | Reached skill level 9 in Dodging
 13196 | Lair:1   | Reached skill level 10 in Dodging
 13775 | Lair:2   | Noticed an eight-headed hydra
 13809 | Lair:2   | Reached skill level 11 in Dodging
 13952 | Lair:2   | Noticed a catoblepas
 13967 | Lair:2   | Killed a catoblepas
 13968 | Lair:2   | Reached skill level 12 in Dodging
 14104 | Lair:2   | Reached skill level 1 in Evocations
 14104 | Lair:2   | Reached XP level 12. HP: 84/97 MP: 15/15
 14192 | Lair:2   | Gained mutation: You are sensitive to extremes of
                  | temperature. (rF-, rC-) [Ru sacrifice]
 14192 | Lair:2   | Reached ** piety under Ru
 14192 | Lair:2   | Reached *** piety under Ru
 14676 | Lair:2   | Killed an eight-headed hydra
 14686 | Lair:2   | Found a hole to the Spider Nest.
 15100 | Lair:3   | Reached skill level 5 in Evocations
 15670 | Lair:3   | Found a staircase to the Shoals.
 15672 | Lair:3   | Noticed an eight-headed hydra
 16442 | Lair:3   | Killed an eight-headed hydra
 16638 | Lair:3   | Reached skill level 10 in Evocations
 16731 | Lair:4   | Noticed a skyshark
 16741 | Lair:4   | Killed a skyshark
 16742 | Lair:4   | Reached XP level 13. HP: 47/104 MP: 16/16
 18629 | Lair:4   | Gained mutation: You cannot study or cast Fire magic. [Ru
                  | sacrifice]
 18629 | Lair:4   | Gained mutation: You cannot study or cast Alchemy magic.
                  | [Ru sacrifice]
 18629 | Lair:4   | Gained mutation: You cannot study or cast Translocations
                  | magic. [Ru sacrifice]
 18629 | Lair:4   | Reached **** piety under Ru
 18629 | Lair:4   | Reached ***** piety under Ru
 18632 | Lair:4   | Found a viscous altar of Jiyva.
 18635 | Lair:4   | Found a staircase to the Slime Pits.
 18958 | Lair:5   | Entered Level 5 of the Lair of Beasts
 19985 | Lair:5   | Noticed a dire elephant
 20046 | Lair:5   | Found a runed translucent gate.
 20047 | Lair:5   | Found a runed translucent gate.
 20048 | Lair:5   | Found a runed translucent gate.
 20087 | Lair:5   | Noticed Jingleheimer's ghost (journeyman OpGl)
 20125 | Lair:5   | Reached skill level 15 in Fighting
 20140 | Lair:5   | Reached XP level 14. HP: 30/123 MP: 3/17
 20149 | Lair:5   | Reached skill level 13 in Dodging
 20625 | Lair:5   | Killed a dire elephant
 20925 | Lair:5   | Reached skill level 14 in Dodging
 21221 | Lair:5   | Found a burning altar of Makhleb.
 21414 | Lair:5   | Reached skill level 15 in Dodging
 21976 | Lair:5   | Found a gateway to Hell.
 22372 | D:10     | Killed a fire giant
 22373 | D:10     | Reached skill level 16 in Dodging
 22640 | D:10     | Identified the +2 ring mail of Fin Deup {Rampage rF++ rC-
                  | rCorr}
 23062 | D:11     | Gained mutation: You are missing an eye, making it more
                  | difficult to aim. [Ru sacrifice]
 23452 | D:11     | Found a sparkling altar of Nemelex Xobeh.
 23489 | D:11     | Found a portal to a secret trove of treasure.
 23609 | D:12     | Noticed a green very ugly thing
 23621 | D:12     | Killed a green very ugly thing
 23622 | D:12     | Reached skill level 17 in Dodging
 23666 | D:12     | Noticed a stone giant
 23688 | D:12     | Killed a stone giant
 23850 | D:12     | Noticed Frances
 23867 | D:12     | Killed Frances
 23944 | D:12     | Reached skill level 18 in Dodging
 24522 | D:12     | Reached XP level 15. HP: 117/129 MP: 18/18
 24805 | D:13     | Noticed Snorg
 24880 | D:13     | Reached skill level 19 in Dodging
 25304 | D:13     | Noticed Rupert
 25306 | D:13     | Noticed Josephine
 25318 | D:13     | Killed Josephine
 25328 | D:13     | Killed Rupert
 25345 | D:13     | Reached skill level 20 in Dodging
 25434 | D:13     | Identified the +9 dagger "Zydgh" {freeze, rN+++ Int+4
                  | Dex-5}
 25643 | D:13     | Killed Snorg
 25717 | D:14     | Noticed Jorgrun
 25728 | D:13     | Gained mutation: Your cowardice makes you less effective in
                  | combat with threatening foes. [Ru sacrifice]
 25728 | D:13     | Reached ****** piety under Ru
 25927 | Temple   | Fell from the grace of Ru
 25927 | Temple   | Became a worshipper of Warmaster Okawaru
 26062 | Orc:1    | Entered Level 1 of the Orcish Mines
 26115 | Orc:1    | Reached skill level 1 in Invocations
 26270 | Orc:1    | Found a runed translucent gate.
 26270 | Orc:1    | Found a runed translucent gate.
 26270 | Orc:1    | Found a runed translucent gate.
 26282 | Orc:1    | Noticed Byedia's ghost (journeyman DECj)
 26323 | Orc:1    | Found an iron altar of Okawaru.
 26464 | Orc:2    | Entered Level 2 of the Orcish Mines
 26756 | Orc:2    | Reached * piety under Okawaru
 26857 | Orc:2    | Reached skill level 5 in Invocations
 27207 | Orc:2    | Found Taeth's Magic Scroll Emporium.
 27213 | Orc:2    | Bought a scroll of teleportation for 33 gold pieces
 27213 | Orc:2    | Bought a scroll of teleportation for 33 gold pieces
 27213 | Orc:2    | Bought a scroll of blinking for 82 gold pieces
 27213 | Orc:2    | Bought 2 scrolls of teleportation for 66 gold pieces
 27287 | Orc:2    | Reached ** piety under Okawaru
 27746 | Orc:2    | Found a staircase to the Elven Halls.
 27863 | Orc:2    | Found Rouseulux's Armour Emporium.
 27866 | Orc:2    | Found Yschoeteh's Magic Scroll Shoppe.
 27873 | Orc:2    | Bought a +0 buckler for 72 gold pieces
 27878 | Orc:2    | Bought a +0 helmet for 72 gold pieces
 27894 | Orc:2    | Bought a scroll of enchant armour for 127 gold pieces
 27894 | Orc:2    | Bought a scroll of fog for 68 gold pieces
 27894 | Orc:2    | Bought a scroll of teleportation for 51 gold pieces
 27894 | Orc:2    | Bought a scroll of teleportation for 51 gold pieces
 28237 | D:6      | Bought a scroll of enchant weapon for 97 gold pieces
 28237 | D:6      | Bought a scroll of enchant armour for 97 gold pieces
 28237 | D:6      | Bought a scroll of silence for 123 gold pieces
 28452 | D:14     | Killed Jorgrun
 28462 | D:14     | Reached *** piety under Okawaru
 28858 | D:14     | Reached XP level 16. HP: 95/136 MP: 23/23
 29131 | D:14     | Found a gate to the Vaults.
 29217 | D:14     | Reached **** piety under Okawaru
 29218 | D:14     | Reached skill level 10 in Invocations
 29450 | D:15     | Entered Level 15 of the Dungeon
 29450 | D:15     | Noticed a storm dragon
 29450 | D:15     | Found a runed translucent door.
 29663 | D:15     | Noticed Kirke
 29677 | D:15     | Killed Kirke
 30059 | D:15     | Found Helular's Antique Weapon Shoppe.
 30171 | D:15     | Reached ***** piety under Okawaru
 30430 | D:15     | Noticed Louise
 30442 | D:15     | Killed Louise
 30571 | D:15     | Received a gift from Okawaru
 30575 | D:15     | Reached skill level 1 in Shields
 30773 | D:15     | Found a staircase to the Depths.
 31175 | Lair:5   | Killed Jingleheimer's ghost
 31195 | Lair:5   | Identified the +0 pair of boots "Zuagecap" {rC++ Str+8
                  | Int-4 Dex-3}
 31751 | Shoals:1 | Entered Level 1 of the Shoals
 32067 | Shoals:1 | Reached skill level 5 in Shields
 32075 | Shoals:1 | HP: 5/136 [poisoned by a merfolk impaler]
 32075 | Shoals:1 | HP: 2/136 [merfolk/+0 halberd[a merfolk impaler] (3)]
 32398 | Shoals:1 | Found Voghakutt's Assorted Antiques.
 32407 | Shoals:1 | Bought a metallic coppery potion for 26 gold pieces
 32407 | Shoals:1 | Bought a scroll of identify for 58 gold pieces
 32407 | Shoals:1 | Bought a scroll of identify for 58 gold pieces
 32415 | Shoals:1 | Gained mutation: You have a pair of small antennae on your
                  | head. [potion of mutation]
 32415 | Shoals:1 | Lost mutation: You have a pair of small antennae on your
                  | head. [potion of mutation]
 32415 | Shoals:1 | Gained mutation: Your muscles are strong. (Str +4, Int/Dex
                  | -1) [potion of mutation]
 32425 | Shoals:1 | Lost mutation: Your muscles are strong. (Str +4, Int/Dex
                  | -1) [potion of mutation]
 32425 | Shoals:1 | Gained mutation: You are somewhat resistant to further
                  | mutation. [potion of mutation]
 32429 | Shoals:1 | Lost mutation: You are somewhat resistant to further
                  | mutation. [potion of mutation]
 32429 | Shoals:1 | Gained mutation: You have a beak for a mouth. [potion of
                  | mutation]
 32429 | Shoals:1 | Gained mutation: You have hidden genetic potential. [potion
                  | of mutation]
 32429 | Shoals:1 | Gained mutation: You are strong-willed. (Will+) [potion of
                  | mutation]
 32430 | Shoals:1 | Lost mutation: You have hidden genetic potential. [potion
                  | of mutation]
 32430 | Shoals:1 | Lost mutation: You have a beak for a mouth. [potion of
                  | mutation]
 32430 | Shoals:1 | Lost mutation: You are strong-willed. (Will+) [potion of
                  | mutation]
 32430 | Shoals:1 | Gained mutation: You occasionally lose the ability to drink
                  | potions when taking damage. [potion of mutation]
 32430 | Shoals:1 | Gained mutation: You passively map a small area around you.
                  | [potion of mutation]
 32689 | Shoals:1 | Received a gift from Okawaru
 33201 | Shoals:2 | HP: 3/136 [manticore/volley of spikes (9)]
 33204 | Shoals:2 | Shot with an arrow by a satyr

Illustrated notes

Levels and vault maps discovered:
D:1:      dpeg_arrival_three_bigger_balls, layout_loops_corners,
          serial_aquarium, aquarium_bridge_island_small
          [aquarium_subvault_small_open, aquarium_subvault_window,
          aquarium_subvault_bridge, aquarium_subvault_bridge,
          aquarium_subvault_wall], aquarium_bridge_square
          [aquarium_subvault_wall, aquarium_subvault_wall,
          aquarium_subvault_balcony, aquarium_subvault_bridge],
          aquarium_window_1, aquarium_window_1, aquarium_view_2e,
          aquarium_view_2b, aquarium_balcony_3a, aquarium_pool_2
D:2:      minmay_angry_zag, layout_loops_ring, uniq_jessica
D:3:      layout_loops_ring, kennysheep_generic_room_5
D:4:      layout_basic, nicolae_overflow_hidden_temple,
          mainiacjoe_ossuary_entry_find_the_door, uniq_sigmund
D:5:      layout_layer_cave, cheibrodos_sewer_entry_drain,
          lexackson_kobold_supper, uniq_blork_the_orc
D:6:      layout_rooms, minmay_temple_entry_hall, serial_shops, shop
D:7:      layout_layer_cave, fountainhead, uniq_menkaure, uniq_maggie
D:8:      layout_loops_ring, nzn_ghost_randoct
D:9:      layout_irregular_city, uniq_gastronok
D:10:     minmay_gate_of_8, layout_irregular_city,
          grunt_temple_overflow_diamond, erik_lair_dragon, orc_0_dummy,
          serial_shops, shop, guppyfry_shop_venom
D:11:     layout_basic, nicolae_trove_entry_crystal,
          kennysheep_decorative_pillar, nemelex_lonely_heart_becter
D:12:     minmay_textured_paths, layout_long_grid,
          ebering_dispersal_statue_hall, minmay_misc_feat_x, uniq_frances
D:13:     layout_small_grid, uniq_snorg, uniq_rupert, uniq_josephine
D:14:     layout_roguey, hangedman_vaults_entry_quadrant_bands,
          kennysheep_boxes, kennysheep_generic_room_2, uniq_jorgrun
D:15:     grunt_enter_depths_magical_seal, layout_rooms, serial_shops, shop,
          serial_park_paths [serial_park_minivault_5x5_5],
          kennysheep_treasure_room, uniq_louise, uniq_kirke
Temple:   hc_temple_tempest_star
Lair:1:   layout_regular_city, chequers_serial_rivers_micro_a
Lair:2:   layout_chaotic_city, spider_nest_entry_web_field, st_stairs_10,
          dreamdust_mushroom_princess, hangedman_lair_unloving_vines
Lair:3:   layout_big_grid, nicolae_shoals_entry_roost, infiniplex_staircase_pool
Lair:4:   layout_layer_cave, slime_entry_1, minmay_holes
Lair:5:   evil_forest, layout_long_grid, gammafunk_ghost_necromancy,
          minmay_lair_drake_nest
Shoals:1: layout_shoals, serial_shops, nicolae_lakefront_shop,
          nzn_prometheus_bound
Shoals:2: layout_shoals
Orc:1:    layout_diamond_mine, basic_altar, gammafunk_ghost_fury_of_okawaru
Orc:2:    st_orc_town, layout_diamond_mine, bh_open_orc_temple

Skill      XL: |  1  2  3  4  5  6  7  8  9 10 11 12 13 14 15 16 |
---------------+-------------------------------------------------+-----
Fighting       | 1 2 8 10 15 | 15.5
Unarmed Combat | 1 |  1.6
Long Blades    | 1 3 4 6 7 10 12 14 16 | 16.0
Dodging        | 5 12 18 20 | 20.0
Evocations     | 1 10 | 10.0
Invocations    | 9 12 | 12.0
Shields        | 7 |  7.7
Stealth        | |  2.1
Spellcasting   | |  2.0
Conjurations   | |  3.2

Action                     |  1- 3 |  4- 6 |  7- 9 | 10-12 | 13-15 | 16-18 || total
---------------------------+-------+-------+-------+-------+-------+-------++-------
  Melee: Unarmed           |     5 |       |       |       |       |       ||     5
         Punch             |     2 |     5 |    10 |       |     7 |       ||    24
         Falchion          |   108 |   224 |   682 |       |       |       ||  1014
         Tailslap          |       |       |     9 |    10 |       |     6 ||    25
         Great sword       |       |       |    36 |   524 |   403 |       ||   963
         Double sword      |       |       |       |       |   543 |   340 ||   883
  Throw: Dart              |       |     6 |     5 |     1 |     4 |       ||    16
         Throwing net      |       |       |       |     1 |       |       ||     1
   Cast: Magic Dart        |    23 |    26 |       |       |       |       ||    49
 Invoke: Sacrifice Durabil |       |       |       |     1 |       |       ||     1
         Sacrifice Forms   |       |       |       |     1 |       |       ||     1
         Draw Out Power    |       |       |       |     1 |     2 |       ||     3
         Sacrifice Resista |       |       |       |     1 |       |       ||     1
         Apocalypse        |       |       |       |       |     4 |       ||     4
         Power Leap        |       |       |       |       |     3 |       ||     3
         Sacrifice Arcana  |       |       |       |       |     1 |       ||     1
         Sacrifice an Eye  |       |       |       |       |     1 |       ||     1
         Sacrifice Courage |       |       |       |       |     1 |       ||     1
         Finesse           |       |       |       |       |       |     1 ||     1
  Evoke: Wand              |       |       |     9 |    14 |    39 |       ||    62
         Lightning rod     |       |       |       |       |     8 |       ||     8
    Use: Scroll            |       |       |    13 |     6 |    11 |     7 ||    37
         Potion            |       |       |     4 |     1 |     6 |    10 ||    21
   Stab: Sleeping          |     6 |       |     9 |     2 |     1 |       ||    18
         Distracted        |       |       |     2 |     2 |     9 |     1 ||    14
         Petrifying        |       |       |       |     1 |       |       ||     1
         Held in net/web   |       |       |       |     1 |       |       ||     1
         Invisible         |       |       |       |     1 |     2 |       ||     3
         Paralysed         |       |       |       |       |     7 |       ||     7
 Armour: Robe              |    37 |    99 |   353 |       |       |       ||   489
         Ring mail         |    23 |    17 |       |       |   271 |   149 ||   460
         Steam dragon scal |       |       |       |    85 |       |       ||    85
         Acid dragon scale |       |       |       |   201 |   245 |       ||   446
         Skin              |       |       |       |       |     4 |       ||     4
         Gold dragon scale |       |       |       |       |       |   232 ||   232
  Dodge: Dodged            |    74 |    97 |   316 |   330 |   647 |   199 ||  1663
  Block: Other             |    22 |    44 |   116 |    92 |    19 |       ||   293
         Reflection        |       |       |       |     1 |       |       ||     1
         Buckler           |       |       |       |       |    12 |    44 ||    56
         Tower shield      |       |       |       |       |       |   193 ||   193
